 Dungeon Crawl Stone Soup version 0.28.0-53-g5a82cb258f (webtiles) character file.

Game seed: 15112339809434541074

11 shwobble the Grave Robber (level 2, 0/19 HPs)
             Began as a Mummy Necromancer on Aug 15, 2022.
             Slain by a water moccasin skeleton (2 damage)
             ... on level 4 of the Dungeon.
             The game lasted 00:11:41 (416 turns).

shwobble the Grave Robber (Mummy Necromancer)        Turns: 416, Time: 00:11:41

Health: 0/19       AC:  0    Str: 11    XL:     2   Next: 17%
Magic:  5/5        EV: 12    Int: 14    God:
Gold:   40         SH:  0    Dex: 12    Spells: 5/6 levels left

rFire   x . .      SeeInvis .   c - +0 spear
rCold   + . .      Faith    .   (no shield)
rNeg    + + +      Spirit   .   (no armour)
rPois   ∞          Reflect  .   (no helmet)
rElec   .          Harm     .   (no cloak)
rCorr   .          Rampage  .   (no gloves)
Will    .....                   (no boots)
Stlth   ++........              (no amulet)
HPRegen 0.06/turn               (no ring)
MPRegen 0.09/turn               (no ring)

@: no status effects
A: cold resistance 1, negative energy resistance 3, torment resistance 2, heat
vulnerability 1, no potions
a: no special abilities


You were on level 4 of the Dungeon.
You visited 1 branch of the dungeon, and saw 3 of its levels.

You collected 40 gold pieces.

Inventory:

Hand Weapons
 b - a +0 dagger
 c - a +0 spear (weapon)
Armour
 a - a +0 robe
 f - a +0 leather armour
Scrolls
 e - a scroll of amnesia {unknown}
Potions
 d - a potion of curing {unknown}


   Skills:
 + Level 1.6 Dodging
 + Level 1.7 Stealth
 + Level 2.7 Spellcasting
 + Level 4.3 Necromancy


You had 5 spell levels left.
You knew the following spells:

 Your Spells              Type           Power      Damage    Failure   Level
a - Pain                  Necr           56%        1d6       3%          1

Your spell library contained the following spells:

 Spells                   Type           Power      Damage    Failure   Level
 Animate Skeleton         Necr           28%        N/A       3%          1
 Vampiric Draining        Necr           14%        2d7       11%         3
 Animate Dead             Necr           7%         N/A       36%         4
 Agony                    Necr           14%        N/A       71%         5


Dungeon Overview and Level Annotations

Branches:
Dungeon (2/15)

Altars:


Innate Abilities, Weirdness & Mutations

You are immune to poison.
Your flesh is cold resistant. (rC+)
You are immune to negative energy. (rN+++)
You are immune to unholy pain and torment.
You are vulnerable to heat. (rF-)
You do not drink.


Message History

Confirm with . or Enter, or press ? or * to list all spells.
You can't see any susceptible monsters within range! (Use Z to cast anyway.) Unknown command.
Found a leather armour.
Found a stone staircase leading up.
You see here a scroll labelled JUPHUBBERR.
e - a scroll labelled JUPHUBBERR The water moccasin skeleton bites you.
Found a stone staircase leading down.
You see here a +0 leather armour.
f - a +0 leather armour The water moccasin skeleton bites you.
The water moccasin skeleton closely misses you.
A water moccasin skeleton is nearby!
The water moccasin skeleton bites you.
Keep disrobing? [Y]es or [N]o only, please.
Keep disrobing?
Uppercase [Y]es or [N]o only, please.
Keep disrobing?
You start removing your armour.
You continue taking off your +0 robe.
The water moccasin skeleton barely misses you.
You continue taking off your +0 robe.
The water moccasin skeleton bites you.
You continue taking off your +0 robe.
The water moccasin skeleton bites you.
You continue taking off your +0 robe.
The water moccasin skeleton bites you but does no damage.
The water moccasin skeleton barely misses you.
You finish taking off your +0 robe.
Unknown command.
The water moccasin skeleton bites you!
Keep equipping yourself? [Y]es or [N]o only, please.
Keep equipping yourself?
* * * LOW HITPOINT WARNING * * *
You start putting on your armour.
You continue putting on your +0 leather armour.
The water moccasin skeleton bites you.
You die...

# .....#.# .#.. # #.
#.....<.....# #.#.#
#.#..#.#...####
.....##....#.#......
#.#........#.#....###.
.....................>
.....#.#...........#
...# #....#......###.
.. #...#..#.Z@.......
. #...#..#......####
#...#.........#
#...#..#......#
#...............
#.#..........####
#.#....##..... #....
...#.#.


You could see a water moccasin skeleton.

Vanquished Creatures
  A dart slug (D:1)
  2 endoplasms (D:2)
  2 goblins (D:1)
  A kobold (D:2)
  A ball python (D:1)
  A bat (D:1)
  A frilled lizard (D:1)
9 creatures vanquished.

Notes
Turn   | Place    | Note
-------+----------+-------------------------------------------
     0 | D:1      | shwobble the Mummy Necromancer began the quest for the Orb.
     0 | D:1      | Reached XP level 1. HP: 13/13 MP: 4/4
   320 | D:2      | Reached XP level 2. HP: 17/19 MP: 3/5
   395 | D:2      | You fall into a shaft and drop 2 floors!
   416 | D:4      | Slain by a water moccasin skeleton

Illustrated notes

Levels and vault maps discovered:
D:1:      dpeg_arrival_brainrot, layout_basic
D:2:      layout_rooms, shapermc_ecumenical_altar_mp_urbaneastern,
          minmay_misc_feat_encased
D:4:      layout_basic, nicolae_ossuary_entry_giza

Action                   || total
-------------------------++-------
Melee: Unarmed           ||    21
       Spear             ||     1
 Cast: Pain              ||    10
  Use: Scroll            ||     2
Armor: Robe              ||     3
Dodge: Dodged            ||    14
